 Dungeon Crawl Stone Soup version 0.27-a0-1296-g8ece459b43 (webtiles) character file.

Game seed: 4640014280738088541

9221 BlueGoblin the Thaumaturge (level 11, -2/68 HPs)
             Began as a Djinni Conjurer on June 16, 2021.
             Was an Initiate of Gozag.
             Slain by Snorg (17 damage)
             ... on level 11 of the Dungeon.
             The game lasted 01:06:13 (17649 turns).

BlueGoblin the Thaumaturge (Djinni Conjurer)       Turns: 17649, Time: 01:06:13

Health: -2/68      AC: 12    Str:  2    XL:     11   Next: 70%
Gold:   214        EV:  7    Int: 23    God:    Gozag SH:  3 Dex: 12

rFire    + + +     SeeInvis .   l - staff of fire
rCold    . . .     Faith    .   t - +0 buckler
rNeg     . . .     Spirit   .   D - +1 ring mail {rC+}
rPois    ∞         Reflect  .   q - +0 helmet
rElec    .         Harm     .   G - +2 cloak
rCorr    +         Rampage  .   L - +0 pair of gloves
Will     +....     Clarity  +   (boots unavailable)
Stlth    ++........             (no amulet)
HPRegen  0.21/turn              k - ring of wizardry
MPRegen  0.00/turn              H - ring of resist corrosion

@: flying
A: sickness immunity, fire resistance 2, cold vulnerability 1, float, innate
caster, hp casting, extra vitality 1, clarity, weak 2
a: Renounce Religion, Potion Petition, Call Merchant, Bribe Branch


You were on level 11 of the Dungeon.
You worshipped Gozag.
Gozag was aware of your devotion.
You visited 2 branches of the dungeon, and saw 12 of its levels.

You collected 1331 gold pieces.
You paid 1117 gold pieces to Gozag.

Inventory:

Missiles
 d - 2 atropa-tipped darts
 n - 6 curare-tipped darts
Armour
 g - +0 steam dragon scales
 q - a +0 helmet (worn)
 s - a +0 robe of willpower
 t - a +0 buckler (worn)
 D - a +1 ring mail of cold resistance (worn)
 G - a +2 cloak (worn)
 J - the +3 scale mail of Tulips {Regen+ rCorr Int-3 Dex+8}
   (You found it on level 10 of the Dungeon)

   It affects your intelligence (-3).
   It affects your dexterity (+8).
   It increases your rate of health regeneration.
   It protects you from acid and corrosion.
 L - a +0 pair of gloves (worn)
Magical Staves
 l - a staff of fire (weapon)
Jewellery
 k - a ring of wizardry (left hand)
 H - a ring of resist corrosion (right hand)
Wands
 o - a wand of iceblast (19) (quivered)
 p - a wand of flame (38)
 r - a wand of acid (8)
 B - a wand of paralysis (14)
 I - a wand of digging (6)
Scrolls
 a - 4 scrolls of identify
 f - a scroll of silence
 h - a scroll of vulnerability
 j - 3 scrolls of teleportation
 m - 2 scrolls of fear
 w - 2 scrolls of enchant armour
 y - a scroll of enchant weapon {unknown}
 z - 2 scrolls of fog {unknown}
 A - a scroll of magic mapping {unknown}
 E - a scroll of blinking {unknown}
 K - a scroll of amnesia {unknown}
Potions
 b - a potion of haste
 c - a potion of might
 e - 3 potions of lignification
 i - 6 potions of curing
 u - 2 potions of brilliance
 v - a potion of magic
 x - a potion of berserk rage
 C - a potion of attraction
 F - 4 potions of flight


   Skills:
 + Level 2.1 Fighting
 + Level 4.5 Armour
 + Level 4.4 Dodging
 + Level 5.7 Stealth
 + Level 0.1 Shields
 + Level 12.0 Spellcasting


You had 7 spell levels left.
You knew the following spells:

 Your Spells              Type           Power      Damage    Failure   Level
a - Magic Dart            Conj           100%       1d8       1%          1
b - Searing Ray           Conj           100%       3d7       1%          2
c - Dazzling Flash        Conj/Hex       100%       N/A       1%          3
d - Fulminant Prism       Conj/Hex       31%        3d16      2%          4
e - Iskenderun's Mystic   Conj/Tloc      62%        2d13      2%          4
f - Apportation           Tloc           100%       N/A       1%          1
g - Static Discharge      Conj/Air       62%        N/A       1%          2
h - Passwall              Tmut/Erth      51%        N/A       1%          2
i - Dispel Undead         Necr           62%        3d22      2%          4
j - Summon Ice Beast      Ice/Summ       62%        N/A       2%          4
Your spell library was empty.

Dungeon Overview and Level Annotations

Branches:
Dungeon (11/15)            Temple (1/1) D:4             Orc (0/2) D:9
   Lair: D:8-11

Altars:
Ashenzari
Cheibriados
Dithmenos
Elyvilon
Fedhas
Gozag
Hepliaklqana
Kikubaaqudgha
Makhleb
Nemelex Xobeh
Okawaru
Qazlal
Ru
Sif Muna
Trog
Uskayaw
Vehumet
Wu Jian
Xom
Yredelemnul
Zin
The Shining One

Shops:
D:3 *

Annotations:
D:11 Snorg


Innate Abilities, Weirdness & Mutations

You are immune to sickness and miasma.
You are immune to poison.
Your flesh is very heat resistant. (rF++)
You are vulnerable to cold. (rC-)
You float through the air rather than walking.
You learn spells naturally, not from books.
Your magical power is your life essence.
You have superior vitality. (+4 HP)
You possess an exceptional clarity of mind.
You are very weak. (Str -4)


Message History

Casting: Fulminant Prism (dangerous; 2% risk of failure)
Confirm with . or Enter, or press ? or * to list all spells.
A chill wind blows around you.
You hear a howl!
You swap places.
Your ice beast barely misses Snorg.
Snorg bites your ice beast. Snorg closely misses your ice beast.
Snorg claws your ice beast! Snorg misses your ice beast.
Snorg claws your ice beast!! Snorg closely misses your ice beast.
Your ice beast hits Snorg.
Your ice beast freezes Snorg!!
Snorg closely misses your ice beast. Snorg claws your ice beast!
Your ice beast dies!
Casting: Summon Ice Beast (dangerous; 2% risk of failure)
Confirm with . or Enter, or press ? or * to list all spells.
A chill wind blows around you.
A howler monkey comes into view.
Snorg closely misses your ice beast. Snorg claws your ice beast!
Snorg barely misses your ice beast.
The howler monkey moves out of view.
Snorg bites your ice beast! Snorg claws your ice beast.
Snorg claws your ice beast!
Your ice beast dies!
Casting: Summon Ice Beast (dangerous; 2% risk of failure)
Confirm with . or Enter, or press ? or * to list all spells.
You erupt in a blast of force!
The mystic blast hits Snorg!
Snorg is heavily wounded.
Snorg is knocked back by the mystic blast.
Casting: Iskenderun's Mystic Blast (dangerous; 2% risk of failure)
Confirm with . or Enter, or press ? or * to list all spells.
A chill wind blows around you. Snorg bites your ice beast!!
Snorg claws your ice beast!
Your ice beast dies!
The howler monkey hoots and howls with incredible vigour!
Casting: Summon Ice Beast (dangerous; 2% risk of failure)
Confirm with . or Enter, or press ? or * to list all spells.
A chill wind blows around you. Snorg bites you! You block Snorg's attack.
Snorg closely misses you. Snorg barely misses you. Snorg claws you!
* * * LOW HITPOINT WARNING * * *
Snorg claws you!
You die...
Your body crumbles into a pile of gold.

##### ######. #.(.#
....... #...#
....h.. $ #...##
....... #....#
..).... #....#
.h.......#
##...####..........
##.Thh..........#
#@##########...
#.Y>## #... ###..##
##.# ##..####..#
##.......##
#.....##..# #
####.#######.# #
##....# ##.###..
##..#### #......#


You could see Snorg (berserk, ally target), 2 howler monkeys and a friendly ice
beast (summoned).

Vanquished Creatures
  A two-headed ogre (D:11)
  Pikel (D:8)
  A gargoyle (D:7)
  Maurice (D:8)
  Joseph (D:7)
  Maggie (D:7)
  2 kobold demonologists (D:9)
  A troll (D:7)
  Prince Ribbit (D:7)
  A meliai zombie (D:11)
  A wyvern (D:7)
  2 steam dragons (D:10)
  2 water moccasins
  2 orc warriors
  6 sky beasts
  A black bear (D:11)
  4 ice beasts
  An ogre (D:4)
  2 necrophages
  A centaur (D:7)
  A kobold brigand (D:10)
  3 phantoms
  Blork the orc (D:4)
  5 bullfrogs
  8 scorpions
  A gnoll sergeant (D:8)
  A wyvern skeleton (D:7)
  A water moccasin skeleton (D:6)
  6 killer bees
  2 howler monkeys
  3 wights (D:7)
  A bullfrog zombie (D:3)
  3 centaur zombies
  A hound (D:3)
  3 orc priests
  Crazy Yiuf (D:3)
  A bullfrog skeleton (D:5)
  An iguana (D:5)
  Natasha (thrice) (D:4)
  8 orc wizards
  4 adders
  12 gnolls
  A howler monkey skeleton (D:7)
  A shadow imp (D:7)
  An adder skeleton (D:5)
  A worm (D:3)
  2 dart slugs (D:1)
  22 orcs
  4 endoplasms
  4 giant cockroaches
  6 goblins
  4 hobgoblins
  14 jackals
  6 quokkas
  10 ball pythons
  4 bats
  12 kobolds
  2 rats (D:2)
  A fulminant prism (D:11)
198 creatures vanquished.

Vanquished Creatures (collateral kills)
  A gargoyle (D:11)
  A komodo dragon (D:10)
  7 yaks
  A wyvern (D:9)
  An orc warrior (D:10)
  2 centaurs
  A gnoll sergeant (D:8)
  A bullfrog (D:11)
  A killer bee (D:10)
  4 orc priests (D:10)
  2 orc wizards (D:11)
  2 orcs (D:10)
24 creatures vanquished.

Vanquished Creatures (others)
  44 fulminant prisms
  24 fungi (D:11)
  58 plants
126 creatures vanquished.

Grand Total: 348 creatures vanquished

Notes
Turn   | Place    | Note
-------+----------+-------------------------------------------
     0 | D:1      | BlueGoblin the Djinni Conjurer began the quest for the Orb.
     0 | D:1      | Reached XP level 1. HP: 15/15 MP: 0/0
   461 | D:1      | Reached XP level 2. HP: 19/21 MP: 0/0
  1161 | D:1      | Reached XP level 3. HP: 23/25 MP: 0/0
  1161 | D:1      | Learned a level 1 spell: Apportation
  1681 | D:1      | Reached skill level 4 in Spellcasting
  2224 | D:2      | Reached XP level 4. HP: 26/31 MP: 0/0
  2437 | D:2      | Found a faded altar of an unknown god.
  3008 | D:3      | Found Kewusch's Assorted Antiques.
  3132 | D:3      | Noticed a water moccasin
  3141 | D:3      | Killed a water moccasin
  3142 | D:3      | Reached XP level 5. HP: 22/35 MP: 0/0
  3142 | D:3      | Learned a level 2 spell: Static Discharge
  3343 | D:3      | Reached skill level 5 in Spellcasting
  3343 | D:3      | Reached XP level 6. HP: 32/40 MP: 0/0
  3887 | D:3      | Found a runed translucent door.
  3888 | D:3      | Noticed Crazy Yiuf
  4014 | D:3      | Killed Crazy Yiuf
  4385 | D:4      | Reached XP level 7. HP: 39/45 MP: 0/0
  4385 | D:4      | Learned a level 2 spell: Passwall
  4440 | D:4      | Found a staircase to the Ecumenical Temple.
  4441 | D:4      | Noticed Natasha
  4445 | D:4      | Killed Natasha
  4620 | D:4      | Noticed Blork the orc
  4633 | D:4      | Killed Blork the orc
  4634 | D:4      | Reached skill level 6 in Spellcasting
  4736 | Temple   | Entered the Ecumenical Temple
  5129 | D:4      | Noticed Natasha
  5143 | D:4      | Killed Natasha
  5148 | D:4      | Noticed Natasha
  5162 | D:4      | Killed Natasha
  5163 | D:4      | Reached XP level 8. HP: 29/50 MP: 0/0
  5638 | D:4      | Reached skill level 7 in Spellcasting
  5688 | D:5      | Entered Level 5 of the Dungeon
  7838 | D:6      | Reached skill level 8 in Spellcasting
  7838 | D:6      | Reached XP level 9. HP: 43/55 MP: 0/0
  7838 | D:6      | Learned a level 4 spell: Dispel Undead
  8898 | D:7      | Noticed Prince Ribbit
  8906 | D:7      | Killed Prince Ribbit
  8907 | D:7      | Reached skill level 9 in Spellcasting
  9068 | D:7      | Noticed a gargoyle
  9081 | D:7      | Killed a gargoyle
  9297 | D:7      | Noticed Joseph
  9304 | D:7      | Killed Joseph
  9305 | D:7      | Reached skill level 5 in Stealth
  9305 | D:7      | Reached XP level 10. HP: 45/61 MP: 0/0
  9524 | D:7      | Reached skill level 10 in Spellcasting
  9701 | D:7      | Noticed Maggie
  9707 | D:7      | Killed Maggie
  9708 | D:7      | Reached skill level 1 in Fighting
 10082 | D:7      | Reached skill level 1 in Armour
 11078 | D:7      | Found a sparkling altar of Nemelex Xobeh.
 11083 | D:7      | Found a sacrificial altar of Ru.
 11085 | D:7      | Found a hide-covered altar of Uskayaw.
 11085 | D:7      | Found a stormy altar of Qazlal.
 11085 | D:7      | Found a shadowy altar of Dithmenos.
 11085 | D:7      | Found a snail-covered altar of Cheibriados.
 11085 | D:7      | Found a white marble altar of Elyvilon.
 11086 | D:7      | Found a blossoming altar of Fedhas.
 11087 | D:7      | Found a basalt altar of Yredelemnul.
 11089 | D:7      | Found a glowing silver altar of Zin.
 11090 | D:7      | Found an opulent altar of Gozag.
 11112 | D:7      | Became a worshipper of Gozag Ym Sagoz the Greedy
 11518 | D:8      | Noticed Pikel
 11523 | D:8      | Killed Pikel
 12113 | D:8      | Reached XP level 11. HP: 64/67 MP: 0/0
 12113 | D:8      | Learned a level 4 spell: Summon Ice Beast
 12180 | D:8      | Noticed Maurice
 12196 | D:8      | Killed Maurice
 12197 | D:8      | Reached skill level 11 in Spellcasting
 13747 | D:9      | Found a staircase to the Orcish Mines.
 14003 | D:10     | Entered Level 10 of the Dungeon
 15044 | D:10     | Identified the +3 scale mail of Tulips {Regen+ rCorr Int-3
                  | Dex+8}
 16741 | D:11     | Gained mutation: You are weak. (Str -2) [potion of
                  | mutation]
 16741 | D:11     | Gained mutation: You are very weak. (Str -4) [potion of
                  | mutation]
 16741 | D:11     | Gained mutation: You possess an exceptional clarity of
                  | mind. [potion of mutation]
 17415 | D:11     | Noticed a two-headed ogre
 17430 | D:11     | Killed a two-headed ogre
 17431 | D:11     | Reached skill level 12 in Spellcasting
 17632 | D:11     | Noticed Snorg
 17649 | D:11     | Slain by Snorg

Illustrated notes

Levels and vault maps discovered:
D:1:      dpeg_arrival_tiny_d, layout_rooms
D:2:      layout_loops_ring, hellmonk_ecumenical_altar_heavens_door
D:3:      layout_rooms, serial_shops, shop, uniq_crazy_yiuf_cottage
D:4:      old_forge, layout_rooms, minmay_temple_entry_glass,
          serial_bayou_lagoon_a, kennysheep_cross_bottleneck, eino_tiny_chamber,
          uniq_blork_the_orc, uniq_natasha
D:5:      layout_rooms
D:6:      layout_gridville
D:7:      minmay_opposing_rooms, layout_basic, minitemple, uniq_prince_ribbit1,
          uniq_maggie, uniq_joseph
D:8:      layout_rooms, nicolae_kikubaaqudgha_miasma_corner, uniq_maurice,
          uniq_grum, uniq_pikel
D:9:      layout_irregular_city, orc_0_dummy
D:10:     layout_irregular_city, corexii_corridor_pit, st_stairs_9,
          hangedman_misty_isle
D:11:     layout_rooms, grunt_lair_entry_orc_guard_hut, minmay_statue_bubble,
          uniq_snorg
Temple:   jpeg_temple_island

Skill      XL: |  1  2  3  4  5  6  7  8  9 10 11 |
---------------+----------------------------------+-----
Spellcasting   | 4 5 6 8 9 10 12 | 12.0
Stealth        | 2 3 5 |  5.7
Dodging        | 3 4 |  4.4
Fighting       | 1 2 |  2.1
Armour         | 2 4 |  4.5
Shields        | |  0.1

Action                   |  1- 3 |  4- 6 |  7- 9 | 10-12 || total
-------------------------+-------+-------+-------+-------++-------
 Cast: Magic Dart        |    36 |    33 |    22 |    33 ||   124
       Searing Ray       |    19 |    20 |    37 |    42 ||   118
       Static Discharge  |       |     1 |    11 |     3 ||    15
       Fulminant Prism   |       |       |    12 |    33 ||    45
       Iskenderun's Myst |       |       |     8 |    23 ||    31
       Dispel Undead     |       |       |     3 |     1 ||     4
       Summon Ice Beast  |       |       |       |    56 ||    56
Invok: Potion Petition   |       |       |       |     1 ||     1
  Use: Scroll            |       |     1 |    16 |       ||    17
       Potion            |       |       |     1 |     1 ||     2
Armor: Robe              |     4 |     2 |     3 |     1 ||    10
       Plate armour      |       |       |       |     5 ||     5
       Ring mail         |       |       |       |    12 ||    12
Dodge: Dodged            |     3 |    21 |    20 |    23 ||    67
Block: Buckler           |       |       |       |     2 ||     2

Table legend: (Time is in decaauts)
 A = Elapsed time spent in this place.
 B = Non-inter-level travel time spent in this place.
 C = Inter-level travel time spent in this place.
 D = Time resting spent in this place.
 E = Time spent auto-exploring this place.
 F = Levels seen in this place.
 G = Mean time per level.
                   A        B        C        D        E       F      G
               +--------+--------+--------+--------+--------+-----+--------+
         Total |  17631 |  17221 |    410 |   9993 |   4961 |  12 | 1469.2 |
       Dungeon |  17365 |  16965 |    400 |   9993 |   4742 |  11 | 1578.6 |
        Temple |    265 |    255 |     10 |      0 |    219 |   1 |  265.0 |
               +--------+--------+--------+--------+--------+-----+--------+

Top non-repeatable levels by time:
    D:10: 2726 daAuts
     D:7: 2616 daAuts
     D:6: 2177 daAuts
     D:1: 1726 daAuts
     D:3: 1395 daAuts
     D:4: 1319 daAuts
     D:9: 1286 daAuts
     D:2: 1236 daAuts
     D:8: 1233 daAuts
    D:11: 901 daAuts
     D:5: 745 daAuts
  Temple: 265 daAuts
